 Dungeon Crawl Stone Soup version 0.26-a0-712-ga5a9c9c9d0 (webtiles) character file.

Game seed: 4564816690825707487

6110 Azzok the Cleaver (level 10, -2/70 HPs)
             Began as a Demonspawn Berserker on Nov 5, 2020.
             Was a High Priest of Trog.
             Slain by a two-headed ogre
             ... wielding a +0 giant club
              (22 damage)
             ... on level 9 of the Dungeon.
             The game lasted 00:14:43 (9290 turns).

Azzok the Cleaver (Demonspawn Berserker)            Turns: 9290, Time: 00:14:43

Health: -2/70      AC: 17    Str: 20    XL:     10   Next: 58%
Magic:  10/10      EV: 10    Int:  8    God:    Trog [*****.]
Gold:   555        SH:  5    Dex: 14    Spells: 9/9 levels left

rFire    . . .     SeeInvis .   L - +5 broad axe
rCold    . . .     Faith    .   (no shield)
rNeg     . . .     Spirit   .   A - +0 plate armour
rPois    .         Reflect  +   (helmet restricted)
rElec    .         Harm     .   u - +0 cloak
rCorr    .         Rampage  .   r - +0 pair of gloves
MR       +....                  K - +0 pair of boots
Stlth    ..........             a - amulet of reflection
HPRegen  0.21/turn              h - ring of protection from magic
MPRegen  0.12/turn              n - +4 ring of evasion

@: no status effects
A: antennae 1, icy blue scales 2, powered by death 1, rot immunity
a: Berserk, Trog's Hand, Brothers in Arms, Renounce Religion


You were on level 9 of the Dungeon.
You worshipped Trog.
Trog was extremely pleased with you.
You visited 1 branch of the dungeon, and saw 9 of its levels.
You also visited: Bailey.

You collected 709 gold pieces.
You spent 154 gold pieces at shops.

Inventory:

Hand Weapons
 t - a +3 quarterstaff of chaos
 y - a +2 hand axe of venom
 B - a +1 whip of flaming
 F - a +0 vorpal flail
 G - a +1 antimagic morningstar
 L - a +5 broad axe (weapon)
Missiles
 c - 6 throwing nets (quivered)
Armour
 r - a +0 pair of gloves (worn)
 u - a +0 cloak (worn)
 A - a +0 plate armour (worn)
 K - a +0 pair of boots (worn)
Jewellery
 a - an amulet of reflection (around neck)
 h - a ring of protection from magic (left hand)
 n - a +4 ring of evasion (right hand)
 E - an uncursed ring of ice
Wands
 H - a wand of acid (16)
Scrolls
 b - 4 scrolls of enchant armour
 d - a scroll of holy word {unknown}
 e - 2 scrolls of fog {unknown}
 j - 2 scrolls of amnesia {unknown}
 l - 5 scrolls of magic mapping
 m - 3 scrolls of fear
 o - a scroll of immolation {unknown}
 p - 7 scrolls of remove curse
 q - 8 scrolls of teleportation
 s - 2 scrolls of noise {unknown}
 w - a scroll of acquirement {unknown}
 x - a scroll of brand weapon {unknown}
 C - a scroll of vulnerability {unknown}
 I - a scroll of blinking
Potions
 f - 3 potions of berserk rage
 g - 2 potions of resistance
 i - 2 potions of ambrosia
 k - 3 potions of flight
 v - a potion of haste
 z - a potion of stabbing
 D - a potion of invisibility


   Skills:
 - Level 3.0 Fighting
 + Level 14.3 Axes
 - Level 1.7 Armour
 - Level 1.7 Dodging


You had 9 spell levels left.
You didn't know any spells.
Your spell library was empty.

Dungeon Overview and Level Annotations

Branches:
Dungeon (9/15)             Temple (0/1) D:5          Bailey (visited)
   Lair: D:8-11         Orc: D:9-12

Altars:
Dithmenos
Gozag
Makhleb
Okawaru
Qazlal
Uskayaw
The Shining One

Shops:
D:4 [?(:}   D:5 (

Annotations:
D:7 4 runed translucent doors


Innate Abilities, Weirdness & Mutations

You have a pair of small antennae on your head.
You are mostly covered in icy blue scales. (AC +3)
You regenerate a little health from kills.
You are immune to rotting.


Message History

You slice the two-headed ogre!!
The two-headed ogre is heavily wounded.
You slash the two-headed ogre!
The two-headed ogre is severely wounded.
The two-headed ogre closely misses you. You block the two-headed ogre's attack.
You hit the two-headed ogre but do no damage.
The two-headed ogre is severely wounded.
The two-headed ogre hits you with a +0 giant club. x2
You closely miss the two-headed ogre.
The two-headed ogre is severely wounded.
The two-headed ogre hits you with a +0 giant club.
* * * LOW HITPOINT WARNING * * *
You block the two-headed ogre's attack.
You hit the two-headed ogre.
The two-headed ogre is severely wounded.
You hit the two-headed ogre.
The two-headed ogre is almost dead.
The two-headed ogre hits you but does no damage.
The two-headed ogre hits you with a +0 giant club!!
You die...

▒····▒······▒··········▒▒·▒ ▒▒··
▒▒▒▒····▒▒▒▒············▒▒·▒▒▒···
▒▒ ▒····<▒▒▒▒···········▒▒·▒▒··▒·
·▒▒▒···▒···············)······▒▒·
··▒▒···▒▒▒▒▒▒▒▒··············▒▒··
··▒··▒·▒▒▒▒▒▒▒▒···▒▒·········▒▒·▒
·[▒·▒▒···········▒ ▒·▒▒▒·········
·······▒▒▒▒▒▒▒▒·▒▒▒▒·▒ ▒▒▒···▒··▒
···▒▒▒·▒ ▒·@·▒▒· ▒···▒··· ··▒▒
▒·▒▒ ▒·▒O▒▒· ▒·▒····· ··▒ ▒··▒
▒·▒·▒ ▒▒·····▒▒ ··▒ ▒▒·▒ ▒·▒··
▒·····▒▒ ··▒ ▒·▒ ··▒··▒ ▒·▒··▒▒
··▒ ▒·▒ ·▒▒··▒ ▒····▒ ··▒ ▒·▒▒ ·▒
▒▒·▒▒▒▒▒▒··▒·▒ <▒▒ ▒··▒ ·
▒··▒···▒▒··▒·▒ ▒▒ ▒▒·▒
▒··▒···▒···▒··


You could see a two-headed ogre.

Vanquished Creatures
  An orc knight (Bailey)
  Pikel (D:7)
  An orc sorcerer (Bailey)
  Joseph (D:8)
  A kobold demonologist (Bailey)
  Sigmund (D:2)
  An ice beast (D:8)
  8 orc warriors
  3 phantoms
  8 ogres
  A black bear (D:6)
  4 centaurs
  A lemure (D:7)
  A big kobold (D:9)
  2 bullfrogs
  2 scorpions
  6 killer bees (D:9)
  2 bullfrog zombies
  A crimson imp (D:6)
  4 jellies
  A quasit (D:6)
  Crazy Yiuf (D:5)
  2 orc priests
  5 hounds
  11 orc wizards
  A centaur skeleton (D:8)
  3 iguanas
  Natasha (thrice) (D:2)
  A worker ant (D:6)
  A hound skeleton (D:4)
  11 gnolls
  9 adders
  3 white imps
  An ufetubus (D:5)
  An adder zombie (D:5)
  An adder skeleton (D:8)
  2 worms
  2 dart slugs (D:1)
  2 leopard geckos
  26 orcs
  10 bats
  4 giant cockroaches
  16 goblins
  17 hobgoblins
  14 jackals
  18 kobolds
  7 quokkas
  A ball python (D:1)
  6 frilled lizards
  A goblin skeleton (D:6)
  A hobgoblin zombie (D:6)
  A kobold skeleton (D:6)
  2 orc skeletons (D:6)
  11 rats
246 creatures vanquished.

Vanquished Creatures (others)
  14 plants
14 creatures vanquished.

Grand Total: 260 creatures vanquished

Notes
Turn   | Place    | Note
-------+----------+-------------------------------------------
     0 | D:1      | Azzok the Demonspawn Berserker began the quest for the Orb.
     0 | D:1      | Reached XP level 1. HP: 18/18 MP: 1/1
    96 | D:1      | Reached skill level 3 in Axes
   382 | D:1      | Gained mutation: You are partially covered in icy blue
                  | scales. (AC +2) [demonic ancestry]
   382 | D:1      | Reached XP level 2. HP: 21/24 MP: 2/2
   963 | D:2      | Noticed Sigmund
   972 | D:2      | Killed Sigmund
   972 | D:2      | Reached skill level 5 in Axes
   972 | D:2      | Reached XP level 3. HP: 29/29 MP: 3/3
   972 | D:2      | Reached XP level 4. HP: 35/35 MP: 4/4
   972 | D:2      | Reached XP level 5. HP: 41/41 MP: 5/5
  1006 | D:2      | Noticed Natasha
  1013 | D:2      | Killed Natasha
  1092 | D:2      | Reached ** piety under Trog
  1295 | D:2      | Noticed Natasha
  1308 | D:2      | Killed Natasha
  1308 | D:2      | Reached skill level 6 in Axes
  1753 | D:2      | Noticed Natasha
  1765 | D:2      | Killed Natasha
  1765 | D:2      | Gained mutation: You have a pair of small antennae on your
                  | head. [demonic ancestry]
  1765 | D:2      | Reached XP level 6. HP: 44/47 MP: 6/6
  2398 | D:3      | Reached *** piety under Trog
  2694 | D:3      | Reached skill level 7 in Axes
  3056 | D:4      | Reached XP level 7. HP: 46/52 MP: 7/7
  3169 | D:4      | Found Avvic's Armour Boutique.
  3191 | D:4      | Found Dalinu's Antique Weapon Boutique.
  3273 | D:4      | Found Cysot's Magic Scroll Boutique.
  3280 | D:4      | Bought a scroll of remove curse for 33 gold pieces
  3280 | D:4      | Bought a scroll of identify for 22 gold pieces
  3280 | D:4      | Bought a scroll of teleportation for 33 gold pieces
  3280 | D:4      | Bought a scroll of identify for 22 gold pieces
  3280 | D:4      | Bought a scroll of identify for 22 gold pieces
  3280 | D:4      | Bought a scroll of identify for 22 gold pieces
  3292 | D:4      | Found a burning altar of Makhleb.
  3307 | D:4      | Found a stormy altar of Qazlal.
  3342 | D:4      | Reached skill level 8 in Axes
  3515 | D:4      | Found an iron altar of Okawaru.
  3583 | D:4      | Found Jotywac's Gadget Shoppe.
  3610 | D:4      | Found Aku Fyuph's Book Boutique.
  3690 | D:5      | Entered Level 5 of the Dungeon
  3920 | D:5      | Found an opulent altar of Gozag.
  4190 | D:5      | Found a staircase to the Ecumenical Temple.
  4268 | D:5      | Found Abiveim's Weapon Shoppe.
  4295 | D:5      | Found a runed translucent door.
  4296 | D:5      | Noticed Crazy Yiuf
  4439 | D:5      | Killed Crazy Yiuf
  4506 | D:6      | Reached skill level 9 in Axes
  4506 | D:6      | Gained mutation: You are immune to rotting. [demonic
                  | ancestry]
  4506 | D:6      | Reached XP level 8. HP: 36/58 MP: 8/8
  4738 | D:6      | Reached **** piety under Trog
  5099 | D:6      | Found a glowing golden altar of the Shining One.
  5116 | D:6      | Reached skill level 10 in Axes
  5288 | D:6      | Found a hide-covered altar of Uskayaw.
  5508 | D:7      | Found a flagged portal.
  5522 | Bailey   | Entered a bailey
  5724 | Bailey   | Found an iron altar of Okawaru.
  5724 | Bailey   | Noticed an orc sorcerer
  5724 | Bailey   | Noticed a kobold demonologist
  5725 | Bailey   | Paralysed by an orc sorcerer for 4 turns
  5739 | Bailey   | Killed an orc sorcerer
  5739 | Bailey   | Reached skill level 11 in Axes
  5739 | Bailey   | Gained mutation: You are mostly covered in icy blue scales.
                  | (AC +3) [demonic ancestry]
  5739 | Bailey   | Reached XP level 9. HP: 59/63 MP: 9/9
  5744 | Bailey   | Killed a kobold demonologist
  6055 | Bailey   | Noticed an orc knight
  6091 | Bailey   | Killed an orc knight
  6091 | Bailey   | Reached skill level 12 in Axes
  6489 | D:7      | Found a huge runed translucent gate.
  6490 | D:7      | Found a huge runed translucent gate.
  6490 | D:7      | Noticed a polar bear
  6491 | D:7      | Found a huge runed translucent gate.
  6491 | D:7      | Noticed a polar bear
  6492 | D:7      | Found a huge runed translucent gate.
  6492 | D:7      | Noticed a polar bear
  6635 | D:7      | Noticed Pikel
  6652 | D:7      | Killed Pikel
  6835 | D:7      | Got a wavering turquoise ring
  6922 | D:7      | Found a shadowy altar of Dithmenos.
  6964 | D:7      | You fall into a shaft and drop 2 floors!
  6983 | D:8      | Reached skill level 13 in Axes
  7182 | D:8      | Gained mutation: You regenerate a little health from kills.
                  | [demonic ancestry]
  7182 | D:8      | Reached XP level 10. HP: 52/70 MP: 10/10
  7539 | D:7      | Found an iron altar of Okawaru.
  7714 | D:8      | Reached ***** piety under Trog
  7883 | D:8      | Found an iron altar of Okawaru.
  7897 | D:8      | Identified the ring "Xeank" {*Slow rC+ rN+ MP+9} (You found
                  | it on level 7 of the Dungeon)
  7912 | D:8      | Found a shadowy altar of Dithmenos.
  8010 | D:8      | Noticed Joseph
  8030 | D:8      | Killed Joseph
  8977 | D:9      | Reached skill level 14 in Axes
  9084 | D:9      | Received a gift from Trog
  9281 | D:9      | Noticed a two-headed ogre
  9290 | D:9      | Slain by a two-headed ogre

Illustrated notes

Levels and vault maps discovered:
D:1:      dpeg_arrival_rooms_b, layout_basic
D:2:      layout_loops_cross, serial_forest, infiniplex_forest_straight_2,
          infiniplex_forest_straight_2, infiniplex_forest_straight_4,
          infiniplex_forest_lined_2, infiniplex_forest_lined_3_way,
          infiniplex_forest_straight_3, infiniplex_forest_end_1,
          infiniplex_forest_lined_3, infiniplex_forest_end_2,
          infiniplex_forest_lined_3_way, uniq_natasha, uniq_sigmund
D:3:      layout_loops_ring
D:4:      layout_rooms, nicolae_overflow_crystal_walls,
          amethyst_overflow_temple_binary, serial_shops, shop_statue,
          shop_fountains, kennysheep_little_box, shop, shop, serial_park_tiny_1,
          amethyst_killhole
D:5:      layout_cave_pools, nicolae_gozag_seed_capital,
          minmay_temple_entry_glass, serial_shops, shop_fountains,
          uniq_crazy_yiuf_cottage
D:6:      layout_gridville, nicolae_overflow_hidden_temple,
          nicolae_tso_besieged_by_evil
D:7:      lemuel_bear_cage, layout_loops_corners, old_standard_altar,
          basic_altar, enter_bailey_2, uniq_pikel
D:8:      layout_rooms, basic_altar, okawaru_metal_pillars_1_2, uniq_joseph
D:9:      kennysheep_housing_project, layout_rooms

Skill      XL: |  1  2  3  4  5  6  7  8  9 10 |
---------------+-------------------------------+-----
Axes           | 3 5 6 7 9 11 13 14 | 14.3
Fighting       | |  3.0
Armour         | |  1.7
Dodging        | |  1.7

Action                   |  1- 3 |  4- 6 |  7- 9 | 10-12 || total
-------------------------+-------+-------+-------+-------++-------
Melee: Hand axe          |    51 |   197 |   229 |   203 ||   680
       Quarterstaff      |       |       |    84 |       ||    84
       Broad axe         |       |       |       |    17 ||    17
Invok: Berserk           |     1 |     2 |     9 |     3 ||    15
       Trog's Hand       |       |       |     1 |       ||     1
  Use: Scroll            |       |       |     9 |     7 ||    16
 Stab: Sleeping          |     1 |       |       |       ||     1
       Paralysed         |       |       |     3 |       ||     3
       Petrified         |       |       |     2 |       ||     2
       Petrifying        |       |       |     1 |       ||     1
Armor: Animal skin       |    12 |       |       |       ||    12
       Scale mail        |    16 |    80 |    77 |       ||   173
       Plate armour      |       |       |    38 |    75 ||   113
Dodge: Dodged            |    42 |    97 |   207 |    66 ||   412
Block: Other             |       |       |    27 |    35 ||    62
       Reflection        |       |       |     1 |     5 ||     6

Table legend: (Time is in decaauts)
 A = Elapsed time spent in this place.
 B = Non-inter-level travel time spent in this place.
 C = Inter-level travel time spent in this place.
 D = Time resting spent in this place.
 E = Time spent auto-exploring this place.
 F = Levels seen in this place.
 G = Mean time per level.
                   A        B        C        D        E       F      G
               +--------+--------+--------+--------+--------+-----+--------+
         Total |   9310 |   9071 |    239 |   1901 |   5451 |  10 |  931.0 |
       Dungeon |   8357 |   8118 |    239 |   1173 |   5451 |   9 |  928.6 |
        Bailey |    953 |    953 |      0 |    728 |      0 |   1 |  953.0 |
               +--------+--------+--------+--------+--------+-----+--------+

Top non-repeatable levels by time:
     D:2: 1097 daAuts
     D:3: 1054 daAuts
     D:6: 1029 daAuts
     D:7: 1021 daAuts
     D:8: 960 daAuts
  Bailey: 953 daAuts
     D:1: 913 daAuts
     D:5: 821 daAuts
     D:9: 798 daAuts
     D:4: 661 daAuts
